Map: Port Aleksander LE

Players

jheffe

  • Race: Terran Terran
  • League: Master
  • Spawn Location: 5:00

MCanning - Winner!

  • Race: Protoss Protoss
  • League: Grandmaster
  • Spawn Location: 11:00

Event: Cheeseadelphia 8

VOD

Have the link to the VOD?

Description

Time

  • Played on: Dec. 9, 2018, 12:23 p.m.
  • Length: 12:23

All games in this series

Show
View Real Time Build Order
Export as new Build Order

jheffe Terran 

Build Orders: Gas First Reaper Expand, Liberator Opening 

Get SALT Encoding   

  12  0:00  SCV  
  13  0:12  SCV  
  14  0:17  Supply Depot  
  14  0:25  SCV  
  15  0:28  Refinery  
  15  0:39  SCV  
  16  0:45  Barracks  
  16  0:51  SCV  
  17  1:03  SCV  
  18  1:15  SCV  
  19  1:32  Reaper  
  20  1:40  Orbital Command  
  20  1:49  Command Center  
  20  2:01  Factory  
  20  2:06  Barracks Reactor  
  20  2:09  SCV  
  21  2:21  SCV  
  21  2:22  Supply Depot  
  22  2:24  Refinery  
  22  2:35  SCV  
  23  2:47  Starport, SCV  
  24  2:51  Barracks Tech Lab  
  24  2:58  Hellion  
  26  2:59  Hellion  
  28  3:07  SCV  
  29  3:21  Orbital Command  
  29  3:22  Hellion  
  29  3:26  Hellion  
  33  3:31  SCV  
  33  3:33  Medivac  
  35  3:43  SCV, Widow Mine  
  35  3:46  Liberator, SCV  
  35  3:48  Widow Mine  
  41  3:51  Supply Depot  
  41  4:01  SCV  
  42  4:03  SCV  
  46  4:13  SCV  
  46  4:15  SCV  
  46  4:16  Bunker, Siege Tank  
  51  4:17  Marine  
  51  4:18  Marine  
  51  4:22  Supply Depot  
  53  4:27  SCV  
  54  4:43  Marine x2, SCV x2  
  58  4:49  Supply Depot  
  54  4:56  SCV  
  51  5:12  Barracks, Starport Reactor  
  51  5:13  SCV  
  52  5:15  SCV  
  52  5:17  Factory Reactor  
  52  5:19  Refinery, Engineering Bay  
  52  5:20  Marine  
  52  5:21  Barracks, Stimpack  
  54  5:23  Command Center  
  54  5:34  SCV  
  55  5:48  Marine  
  55  5:49  SCV  
  54  5:51  Terran Infantry Weapons Level 1  
  54  5:52  Engineering Bay, SCV  
  49  5:57  Medivac  
  49  5:58  Medivac  
  49  5:59  Marine x2  
  49  6:01  SCV  
  56  6:04  SCV  
  56  6:05  Factory Reactor  
  56  6:07  Marauder  
  56  6:08  Refinery  
  59  6:13  SCV  
  59  6:14  Marine x2  
  59  6:16  SCV  
  63  6:19  Marine x2  
  63  6:21  Terran Infantry Armor Level 1  
  63  6:24  Barracks  
  63  6:25  SCV  
  66  6:26  Barracks  
  66  6:28  SCV  
  66  6:30  Marauder  
  66  6:32  Marine  
  70  6:36  Marine  
  70  6:37  Marine, SCV, Orbital Command  
  73  6:40  SCV  
  73  6:42  Marine  
  75  6:49  SCV  
  75  6:50  Marine  
  75  6:51  Widow Mine x2  
  75  6:53  Supply Depot, SCV  
  82  6:54  Marine  
  82  6:58  Marauder  
  85  7:09  Supply Depot, Orbital Command  
  85  7:11  Supply Depot  
  85  7:15  Medivac, Marine x2, SCV x2  
  89  7:16  Medivac  
  89  7:17  Barracks Tech Lab, Barracks Reactor  
  93  7:24  Combat Shield  
  93  7:27  Barracks Tech Lab  
  93  7:30  Marine, SCV x2  
  93  7:31  Widow Mine  
  93  7:36  SCV  
  98  7:41  Marine x2, Marauder x2  
  98  7:43  SCV x2  
  106  7:49  Marine, SCV  
  108  7:52  Armory, Supply Depot  
  108  7:55  SCV  
  109  8:05  Starport  
  109  8:06  Refinery  
  109  8:08  Refinery  
  109  8:11  Supply Depot  
  109  8:13  Marine x2, SCV x2  
  109  8:14  Marauder x2  
  109  8:15  Missile Turret  
  109  8:16  SCV  
  109  8:19  Missile Turret  
  118  8:20  Marauder  
  118  8:21  Concussive Shells  
  118  8:25  SCV  
  118  8:27  SCV  
  118  8:29  SCV  
  118  8:31  Marine x2  
  122  8:35  Marauder  
  122  8:37  SCV  
  122  8:39  SCV  
  122  8:40  Marine  
  122  8:41  Marine, Marauder  
  122  8:42  Marauder, SCV  
  118  8:50  SCV  
  118  8:51  SCV  
  118  8:52  Liberator  
  118  8:54  Liberator x2, SCV  
  125  9:17  Marine, SCV x2  
  125  9:18  Marine  
  125  9:19  Marine  
  125  9:20  Marine  
  128  9:24  Supply Depot  
  111  9:33  Marine  
  111  9:34  Liberator, Marauder  
  111  9:35  SCV x3  
  111  9:36  Marine x2, Marauder  
  105  9:50  Marine  
  105  9:51  Marine, Marauder  
  105  9:54  Marine  
  105  9:55  Liberator x3, Marauder  
  105  9:58  Marauder  
  110  10:01  Terran Infantry Weapons Level 2, Marine  
  110  10:02  Supply Depot  
  110  10:04  SCV x2  
  110  10:05  SCV  
  114  10:13  Marauder  
  125  10:16  SCV  
  125  10:17  Marine x2  
  125  10:18  Marine x2  
  125  10:19  SCV  
  125  10:20  SCV  
  132  10:23  Terran Ship Weapons Level 1  
  132  10:25  Marine  
  132  10:26  Marine  
  134  10:32  Supply Depot  
  134  10:34  Supply Depot, Marine  
  134  10:35  Marine x2  
  129  10:44  Missile Turret  
  127  10:52  SCV  
  127  10:53  Marine x3, SCV, Marauder  
  127  10:54  Marauder x2  
  127  10:56  Medivac x2  
  133  11:07  Medivac x2  
  133  11:08  SCV  
  138  11:14  Marine  
  138  11:15  Marine  
  138  11:17  Liberator  
  140  11:25  Marine x3  
  140  11:26  Marauder x2  
  140  11:32  Marine  
  141  11:44  Marauder  
  113  11:49  Marine x2  
  113  11:50  Marauder x2  
  116  11:54  Missile Turret  
  116  11:56  Marine  
  127  12:01  SCV x2  
  127  12:02  SCV  
Show
View Real Time Build Order
Export as new Build Order

MCanning Protoss - Winner!

Build Orders: 1 Gate Expand, Colossus Rush 

Get SALT Encoding   

  12  0:00  Probe  
  13  0:12  Probe  
  14  0:18  Pylon  
  14  0:25  Probe  
  15  0:34  Probe  
  15  0:38  Gateway  
  15  0:42  Probe  
  16  0:48  Assimilator  
  17  0:51  Probe  
  18  1:03  Probe  
  19  1:15  Probe  
  20  1:26  Nexus  
  20  1:34  Cybernetics Core  
  20  1:39  Probe  
  21  1:46  Assimilator  
  21  1:51  Probe  
  22  2:00  Pylon  
  22  2:03  Probe  
  23  2:09  Adept  
  23  2:12  Warp Gate  
  23  2:18  Probe  
  26  2:29  Stalker, Robotics Facility  
  26  2:30  Probe  
  27  2:42  Probe  
  27  2:43  Probe  
  30  2:51  Probe  
  31  2:55  Probe  
  33  3:00  Probe  
  33  3:05  Probe  
  34  3:12  Probe  
  36  3:13  Probe  
  37  3:24  Gateway, Probe  
  37  3:25  Gateway, Observer  
  39  3:29  Stalker  
  41  3:37  Shield Battery  
  41  3:39  Observer  
  42  3:41  Probe  
  42  3:42  Shield Battery  
  43  3:49  Probe, Pylon  
  43  3:53  Probe  
  45  4:01  Probe  
  46  4:03  Robotics Bay  
  46  4:07  Probe  
  46  4:09  Assimilator, Pylon  
  47  4:10  Observer  
  47  4:12  Assimilator  
  47  4:15  Stalker  
  50  4:17  Probe  
  50  4:19  Probe, Sentry  
  54  4:28  Adept  
  54  4:29  Probe, Pylon  
  57  4:39  Adept, Probe  
  60  4:50  Adept x2  
  61  4:56  Probe  
  57  5:00  Probe  
  57  5:04  Probe  
  58  5:09  Probe  
  58  5:10  Colossus  
  58  5:12  Probe  
  60  5:18  Probe  
  60  5:20  Extended Thermal Lance  
  68  5:23  Probe  
  68  5:28  Stalker  
  70  5:43  Probe x2  
  70  5:44  Observer  
  70  5:46  Observer  
  70  5:57  Pylon  
  70  6:01  Forge  
  70  6:03  Colossus, Pylon  
  70  6:15  Probe x2  
  78  6:22  Gateway  
  78  6:23  Sentry x2  
  82  6:27  Probe x2  
  82  6:31  Protoss Ground Weapons Level 1  
  82  6:32  Nexus  
  84  6:36  Pylon, Sentry  
  86  6:48  Colossus  
  87  6:54  Probe x2  
  87  6:59  Gateway  
  94  7:06  Probe  
  94  7:16  Twilight Council  
  94  7:19  Pylon  
  94  7:26  Shield Battery  
  94  7:32  Shield Battery  
  94  7:36  Blink, Disruptor  
  94  7:37  Probe x2  
  94  7:38  Adept x3  
  105  7:44  Probe  
  105  7:49  Probe x2  
  108  7:56  Probe  
  108  7:58  Gateway  
  109  7:59  Stalker  
  109  8:01  Probe x2  
  113  8:06  Dark Shrine  
  113  8:08  Assimilator, Probe  
  113  8:12  Assimilator  
  114  8:13  Probe x2, Observer  
  114  8:19  Protoss Ground Armor Level 1  
  116  8:20  Probe  
  117  8:39  Disruptor  
  117  8:40  Probe  
  116  8:42  Pylon  
  116  8:44  Pylon  
  116  8:46  Pylon  
  115  8:51  Stalker  
  115  8:57  Pylon  
  115  8:58  Pylon  
  115  9:02  Photon Cannon, Stalker x5  
  121  9:07  Pylon  
  121  9:11  Disruptor  
  124  9:19  Dark Templar, Nexus  
  124  9:21  Pylon  
  126  9:27  Resonating Glaives  
  126  9:30  Adept x4  
  118  9:49  Disruptor  
  118  9:50  Stalker x5  
  118  9:51  Stalker  
  123  9:58  Probe  
  127  10:09  Probe  
  127  10:10  Probe  
  129  10:16  Sentry x2  
  129  10:17  Dark Templar  
  129  10:19  Stalker x3  
  141  10:26  Stargate  
  141  10:27  Photon Cannon, Shield Battery  
  141  10:31  Photon Cannon  
  141  10:33  Pylon  
  135  10:44  Stalker x3  
  135  10:46  Probe  
  140  10:50  Probe  
  140  10:55  Disruptor  
  144  11:07  Pylon  
  144  11:09  Stalker x6  
  156  11:15  Assimilator  
  156  11:21  Assimilator  
  156  11:22  Fleet Beacon  
  156  11:28  Stargate  
  156  11:38  Disruptor  
  130  11:49  Stalker x5  
  138  12:00  Probe  
Tags
 
Add a new tag
Caveats
  • Supply blocks, unpowered buildings, or Contaminate may cause inaccurate times.
  • Supply counts are checked every 10 seconds.